cohdb
Replays
Latest Replays
All Replays
Popular Replays
Top Player Replays
Match Explorer
How It Works
Community
CoH3 Stats
Reddit
Sign in to upload your games and track your stats! →
Sign in with Steam
Match 40869814
Unlisted
Match 40869814
Overview
Messages
Build Orders
End
Construct Section Command Post
Royal Engineer Section
Dingo Light Scout Car
Infantry Section
Infantry Section
Vickers Machine Gun Team
Construct Platoon Command Post
6-pounder Anti-tank Gun Team
Humber Armored Car
Construct Field Infirmary
Selects Canadian Shock Battlegroup
Selects Attacking Spirit
Selects Canadian Shock Section
Selects Incendiary Munitions
Selects Pyrotechnics
Canadian Shock Section
Construct Company Command Post
Foot Guards Section
Selects Churchill Crocodile Heavy Tank
StephennJF
Wolfe
0
0
Comments
sign in to comment!
No comments posted yet!